 Dungeon Crawl Stone Soup version 0.31-a0-217-g58bb5d79cf (webtiles) character file.

Game seed: 18257899888434772939

1185 qw the Skirmisher (level 8, -2/49 HPs)
             Began as a Gargoyle Hexslinger on July 2, 2023.
             Killed by nerve-wracking pain
             ... invoked by an orc priest
              (4 damage)
             ... on level 6 of the Dungeon.
             The game lasted 00:01:39 (3889 turns).

qw the Skirmisher (Gargoyle Hexslinger)             Turns: 3889, Time: 00:01:39

Health: -2/49      AC: 14    Str: 12    XL:     8   Next: 42%
Magic:  9/9        EV: 12    Int: 12    God:
Gold:   185        SH:  0    Dex: 18    Spells: 8/9 levels left

rFire   . . .        Y - +1 sling (drain)
rCold   . . .        (no shield)
rNeg    + . .        g - +0 ring mail
rPois   inf          a - +2 hat
rElec   +            (no cloak)
rCorr   .            (no gloves)
SInv    .            (no boots)
Will    .....        (no amulet)
Stlth   +            (no ring)
HPRegen 0.28/turn    (no ring)
MPRegen 0.11/turn

%: no passive effects
@: confused
A: sickness immunity, AC +5, negative energy resistance 1, electricity
resistance, torment resistance 1, petrification resistance, iridescent scales 1,
agile 1, sturdy frame 1
a: no special abilities


You were on level 6 of the Dungeon.
You visited 2 branches of the dungeon, and saw 7 of its levels.

You collected 285 gold pieces.
You spent 100 gold pieces at shops.


Innate Abilities, Weirdness & Mutations

You are immune to sickness and miasma.
Your stone body is resilient. (AC +5)
You are immune to poison.
You resist negative energy. (rN+)
You are resistant to electric shocks. (rElec)
You are resistant to unholy torment.
You are immune to petrification.
You are partially covered in iridescent scales. (AC +2)
You are agile. (Dex +4, Str/Int -1)
Your movements are slightly less encumbered by armour. (ER -2)


   Skills:
 - Level 5.1 Fighting
 + Level 8.3 Ranged Weapons
 - Level 1.0 Armour
 - Level 2.6 Dodging
 - Level 1.0 Spellcasting
 - Level 2.6 Hexes


You had 8 spell levels left.
You knew the following spells:

 Your Spells              Type           Power      Damage    Failure   Level
a - Slow                  Hex            28%        N/A       16%         1

Your spell library contained the following spells:

 Spells                   Type           Power      Damage    Failure   Level
 Inner Flame              Hex/Fire       3%         N/A       61%         3
 Portal Projectile        Hex/Tloc       6%         N/A       61%         3
 Cause Fear               Hex            3%         N/A       83%         4

Inventory:

Hand Weapons
 Y - a +1 sling of draining (weapon)
Armour
 a - a +2 hat (worn)
 g - a +0 ring mail (worn)
Wands
 k - a wand of digging (2)
Scrolls
 c - a scroll of enchant armour
 d - 2 scrolls of identify
 o - a scroll of immolation {unknown}
Potions
 b - a potion of curing {unknown}
 f - a potion of might {unknown}
 h - a potion of lignification {unknown}
 i - a potion of mutation
 j - a potion of enlightenment {unknown}
 m - a potion of cancellation {unknown}
 n - a potion of haste

Dungeon Overview and Level Annotations

Branches:
Dungeon (6/15)             Temple (1/1) D:5

Altars:
Ashenzari
Cheibriados
Dithmenos
Elyvilon
Gozag
Hepliaklqana
Kikubaaqudgha
Nemelex Xobeh
Qazlal
Ru
Sif Muna
Trog
Uskayaw
Vehumet
Xom
Yredelemnul
Zin

Shops:
D:5 **

Annotations:
D:3 1 runed translucent door, Crazy Yiuf


Message History

The orc is moderately wounded.
Something hits you but does no damage. The orc closely misses you. x2
Something hits you but does no damage. x2; The orc hits you but does no damage.
You shoot a sling bullet. The sling bullet hits the orc.
You kill the orc!
Something hits you but does no damage. The orc misses you.
You hear some strange, mumbled words.
Something tries to affect you, but you resist.
You hear some strange, mumbled words.
A puff of flame appears from out of thin air!
The puff of flame hits you! The orc hits you with a +0 falchion.
You shoot a sling bullet. The sling bullet hits the orc!
You kill the orc!
The orc barely misses you. Something hits you but does no damage.
You hear some strange, mumbled words.
You are confused.
Something hits you but does no damage. Something barely misses you.
The orc misses you. The orc priest closely misses you. Something hits you.
Something hits you but does no damage. Something hits you but does no damage.
The orc priest closely misses you. Something hits you.
The orc hits you but does no damage. Something hits you but does no damage.
Something hits you. The orc hits you with a +0 dagger.
The orc priest hits you with a +0 club. Something hits you but does no damage.
Something barely misses you. Something hits you but does no damage.
The orc priest hits you but does no damage.
Something hits you but does no damage. The orc hits you but does no damage.
Something hits you. Something hits you. The orc hits you but does no damage.
The orc priest misses you. Something hits you.
Something hits you but does no damage.
An orc wizard appears from thin air!
Reactivating autopickup.
Something hits you but does no damage.
Deactivating autopickup; reactivate with Ctrl-A.
The orc priest invokes the aid of Beogh against you.
Pain shoots through your body!
You die...

#.##......###.#._
....##.......##.###
#...##.?#.##....#.#
#...##..#.##....#.#
##...##..#.....#.#..
.<.................
#....#......#.#####
##oo.##..#........##
#.o@%....#...##...##
......{{).#..##.####....
.....)............#####.
.........######...# ##
....(..... ##...######
..........# #..........
........#.# #....######
........#.. #....#
#....#


You could see an orc priest (very drained), an orc wizard and an orc.

Vanquished Creatures
  A steam dragon (D:6)
  Menkaure (D:6)
  An orc warrior (D:6)
  A black bear (D:4)
  2 ice beasts (D:5)
  2 scorpions
  2 hounds
  A gnoll bouda (D:5)
  Natasha (twice) (D:3 D:2)
  2 orc wizards (D:6)
  7 gnolls (D:5)
  A shadow imp (D:5)
  6 adders
  2 white imps (D:6)
  An ufetubus (D:5)
  5 dart slugs
  12 orcs
  9 ball pythons
  4 endoplasms
  10 goblins
  5 hobgoblins
  3 jackals
  4 kobolds
  2 quokkas
  5 bats
  3 frilled lizards
  6 rats
100 creatures vanquished.

Vanquished Creatures (others)
  A jelly (D:6)
1 creature vanquished.

Grand Total: 101 creatures vanquished

Notes
Turn   | Place    | Note
-------+----------+-------------------------------------------
     0 | D:1      | qw the Gargoyle Hexslinger began the quest for the Orb.
     0 | D:1      | Reached XP level 1. HP: 12/12 MP: 2/2
     0 | D:1      | 0 ||| qw: Version: 0.3-a-40-ge99b1a8
     0 | D:1      | 0 ||| qw: Game counter: 8022
     0 | D:1      | 0 ||| qw: Melee chars always use a shield: true
     0 | D:1      | 0 ||| qw: God list: Okawaru
     0 | D:1      | 0 ||| qw: Allow faded altars: false
     0 | D:1      | 0 ||| qw: Do Orc after clearing Dungeon:15 true
     0 | D:1      | 0 ||| qw: Do second Lair branch before Depths: true
     0 | D:1      | 0 ||| qw: Lair rune preference: random
     0 | D:1      | 0 ||| qw: Goals: Normal
     0 | D:1      | 0 ||| PLANNING D:1-11
   126 | D:1      | Reached XP level 2. HP: 16/16 MP: 3/3
   171 | D:1      | Reached skill level 3 in Ranged Weapons
   268 | D:1      | Reached XP level 3. HP: 21/21 MP: 4/4
   518 | D:1      | 518 ||| UPGRADING to +0 leather armour.
   528 | D:1      | 528 ||| DROPPING +0 robe.
   529 | D:1      | 529 ||| READING scroll labelled TEFOD COPRIDD.
   530 | D:1      | 530 ||| DROPPING scroll of poison.
   664 | D:2      | Found a shadowy altar of Dithmenos.
   786 | D:2      | Found a faded altar of an unknown god.
  1365 | D:2      | 1365 ||| UPGRADING to +0 ring mail.
  1375 | D:2      | 1375 ||| DROPPING +0 leather armour.
  1376 | D:2      | 1376 ||| DROPPING +6 ring of intelligence.
  1377 | D:2      | 1377 ||| READING scroll labelled OGOATI XUZO.
  1378 | D:2      | 1378 ||| READING 2 scrolls labelled OPSICV RID TI ZYO.
  1379 | D:2      | 1379 ||| READING scroll labelled HIRIOCSA XERRUOSU.
  1380 | D:2      | 1380 ||| READING scroll labelled IFEAQO ITIO.
  1381 | D:2      | 1381 ||| DRINKING 3 purple potions.
  1420 | D:3      | Noticed Natasha
  1425 | D:3      | Killed Natasha
  1426 | D:3      | Reached skill level 4 in Ranged Weapons
  1426 | D:3      | Reached XP level 4. HP: 25/26 MP: 5/5
  1466 | D:3      | Found an opulent altar of Gozag.
  1475 | D:3      | Reached skill level 1 in Armour
  1561 | D:3      | Found a runed translucent door.
  1562 | D:3      | Noticed Crazy Yiuf
  1641 | D:3      | Noticed Natasha
  1643 | D:3      | 1643 ||| FLEEEEING.
  1644 | D:3      | 1644 ||| FLEEEEING.
  1648 | D:3      | 1648 ||| FLEEEEING.
  1649 | D:3      | 1649 ||| FLEEEEING.
  1650 | D:3      | 1650 ||| FLEEEEING.
  1651 | D:3      | 1651 ||| FLEEEEING.
  1654 | D:3      | 1654 ||| FLEEEEING.
  1655 | D:3      | 1655 ||| STAIRDANCE
  1679 | D:2      | 1679 ||| UPGRADING to +2 hat.
  1684 | D:2      | 1684 ||| DROPPING amulet of magic regeneration.
  1688 | D:3      | 1688 ||| STAIRDANCE
  1698 | D:2      | Killed Natasha
  1699 | D:2      | Reached XP level 5. HP: 24/30 MP: 6/6
  2144 | D:3      | 2144 ||| READING scroll labelled XAUKIVE REKU.
  2249 | D:4      | Reached skill level 5 in Ranged Weapons
  2326 | D:4      | Noticed a black bear
  2333 | D:4      | Killed a black bear
  2334 | D:4      | Reached skill level 3 in Fighting
  2334 | D:4      | Reached XP level 6. HP: 37/38 MP: 7/7
  2503 | D:4      | Identified the +1 scale mail of Trumpets {Fly rCorr Str-3
                  | Int-5}
  2812 | D:4      | 2812 ||| READING 3 scrolls of identify.
  2812 | D:4      | 2812 ||| IDENTIFYING bubbling pink potion
  2813 | D:4      | 2813 ||| READING 2 scrolls of identify.
  2813 | D:4      | 2813 ||| IDENTIFYING murky cyan potion
  2814 | D:4      | 2814 ||| DROPPING potion of brilliance.
  2815 | D:4      | 2815 ||| DROPPING potion of ambrosia.
  2818 | D:5      | Entered Level 5 of the Dungeon
  2820 | D:5      | 2820 ||| STAIRDANCE
  3054 | D:5      | Reached skill level 6 in Ranged Weapons
  3166 | D:5      | Found Gaxyestu's Specific Store.
  3168 | D:5      | Found Peiso's General Store.
  3173 | D:5      | 3173 ||| BUYING potion of haste (100 gold).
  3173 | D:5      | Bought a potion of haste for 100 gold pieces
  3207 | D:5      | Reached XP level 7. HP: 36/43 MP: 8/8
  3254 | D:5      | Reached skill level 7 in Ranged Weapons
  3310 | D:5      | Found a glowing silver altar of Zin.
  3310 | D:5      | Found a radiant altar of Vehumet.
  3418 | D:5      | Found a staircase to the Ecumenical Temple.
  3419 | D:5      | 3419 ||| PLANNING TEMPLE
  3419 | D:5      | 3419 ||| DROPPING ring of magical power.
  3420 | D:5      | 3420 ||| READING scroll labelled ZUHYCL HUMN.
  3421 | D:5      | 3421 ||| DRINKING 2 bubbling white potions.
  3421 | D:5      | Gained mutation: You are agile. (Dex +4, Str/Int -1)
                  | [potion of mutation]
  3421 | D:5      | Gained mutation: You are partially covered in iridescent
                  | scales. (AC +2) [potion of mutation]
  3421 | D:5      | Gained mutation: Your movements are slightly less
                  | encumbered by armour. (ER -2) [potion of mutation]
  3430 | Temple   | Entered the Ecumenical Temple
  3443 | Temple   | 3443 ||| PLANNING D:1-11
  3611 | D:6      | Found a bloodstained altar of Trog.
  3622 | D:6      | Found a shimmering blue altar of Sif Muna.
  3663 | D:6      | Reached skill level 8 in Ranged Weapons
  3663 | D:6      | Reached XP level 8. HP: 48/48 MP: 9/9
  3701 | D:6      | Noticed Menkaure
  3713 | D:6      | Killed Menkaure
  3852 | D:6      | HP: 5/48 [steam dragon/ball of steam (9)]
  3853 | D:6      | 3853 ||| READING scroll of teleportation.
  3854 | D:6      | 3854 ||| DRINKING 3 potions of heal wounds.
  3870 | D:6      | HP: 5/49 [orc priest/divine providence (12)]
  3871 | D:6      | 3871 ||| DRINKING 2 potions of heal wounds.
  3879 | D:6      | HP: 8/49 [orc/+0 falchion (5)]
  3880 | D:6      | 3880 ||| DRINKING potion of heal wounds.
  3886 | D:6      | HP: 11/49 [something (2)]
  3888 | D:6      | HP: 5/49 [something (2)]
  3888 | D:6      | HP: 2/49 [something (3)]
  3889 | D:6      | Killed from afar by an orc priest

Levels and vault maps discovered:
D:1:      dpeg_arrival_simpleton_a, layout_rooms, st_stairs_14,
          nicolae_concentric_dashed_squares_wild, minmay_statues_item
D:2:      layout_basic, shapermc_ecumenical_altar_pompeii, basic_altar,
          minmay_unequal
D:3:      layout_basic, nicolae_gozag_seed_capital, minmay_misc_feat_five,
          minivault_11, uniq_crazy_yiuf_cottage, uniq_natasha
D:4:      layout_basic, minmay_tree_intersection, nrook_loot_triangle,
          minmay_misc_feat_cross
D:5:      layout_rooms, gammafunk_temple_overflow_elements,
          lemuel_temple_firewalk_b, corexii_item_surrounded_by_moat,
          hangedman_decor_diamond_cutter, nicolae_specific_store
D:6:      layout_rooms, nzn_overflow_gifts_of_might_and_magic,
          minmay_misc_feat_pillars, wad_floor_pattern_1,
          hangedman_decor_slide_cut, uniq_menkaure
Temple:   hellmonk_temple_two_chambers

Skill      XL: |  1  2  3  4  5  6  7  8 |
---------------+-------------------------+-----
Ranged Weapons | 3 4 5 6 8 |  8.3
Fighting       | 2 3 4 5 |  5.1
Armour         | 1 |  1.0
Dodging        | 2 |  2.6
Spellcasting   | |  1.0
Hexes          | |  2.6

Action                     |  1- 3 |  4- 6 |  7- 9 || total
---------------------------+-------+-------+-------++-------
   Fire: Sling             |    86 |   159 |   101 ||   346
    Use: Scroll            |     5 |     3 |     2 ||    10
         Potion            |     1 |       |     4 ||     5
 Armour: Robe              |     6 |       |       ||     6
         Leather armour    |     5 |       |       ||     5
         Ring mail         |     1 |    47 |    82 ||   130
  Dodge: Dodged            |    17 |    47 |    63 ||   127

Table legend:
 A = Non-vault XP
 B = Vault XP
 C = Vault XP percentage of total XP
 D = Non-vault monster count
 E = Vault monster count
 F = Vault count percentage of total count
                 A         B        C        D         E       F
            +---------+---------+-------+---------+---------+-------
      Total |    1304 |     389 |  23.0 |      91 |       9 |   9.0
            +---------+---------+-------+---------+---------+-------
        D:1 |      39 |       2 |   4.9 |      20 |       1 |   4.8
        D:2 |      57 |       7 |  10.9 |       9 |       4 |  30.8
        D:3 |      60 |      36 |  37.5 |      19 |       1 |   5.0
        D:4 |     237 |       0 |   0.0 |      15 |       0 |   0.0
        D:5 |     522 |       0 |   0.0 |      18 |       0 |   0.0
        D:6 |     389 |     344 |  46.9 |      10 |       3 |  23.1
            +---------+---------+-------+---------+---------+-------
